 Dungeon Crawl Stone Soup version 0.31-a0-177-g4aa6249778 (webtiles) character file.

Game seed: 2178516766805295489

2051 qw the Cleaver (level 9, -2/55 HPs)
             Began as a Gargoyle Fighter on June 18, 2023.
             Was an Initiate of Okawaru.
             Slain by a troll (3 damage)
             ... on level 7 of the Dungeon.
             The game lasted 00:03:50 (6796 turns).

qw the Cleaver (Gargoyle Fighter)                   Turns: 6796, Time: 00:03:50

Health: -2/55      AC: 19    Str: 23    XL:     9   Next: 25%
Magic:  9/9        EV:  7    Int:  8    God:    Okawaru [......]
Gold:   330        SH:  9    Dex: 11    Spells: 8/8 levels left

rFire   . . .        Y - +1 war axe
rCold   + . .        h - +0 kite shield
rNeg    + . .        l - +1 chain mail {rC+}
rPois   inf          (no helmet)
rElec   +            (no cloak)
rCorr   .            (no gloves)
SInv    .            g - +1 pair of boots
Will    .....        (no amulet) Stlth
                     (no ring)
HPRegen 0.29/turn    (no ring)
MPRegen 0.11/turn

%: clarity
@: about to teleport
A: sickness immunity, AC +6, negative energy resistance 1, electricity
resistance, torment resistance 1, petrification resistance, thin skeletal
structure 1, clarity, weak 1, wild magic 2
a: Renounce Religion


You were on level 7 of the Dungeon.
You worshipped Okawaru.
Okawaru was noncommittal.
You visited 2 branches of the dungeon, and saw 8 of its levels.

You collected 330 gold pieces.


Innate Abilities, Weirdness & Mutations

You are immune to sickness and miasma.
Your stone body is resilient. (AC +6)
You are immune to poison.
You resist negative energy. (rN+)
You are resistant to electric shocks. (rElec)
You are resistant to unholy torment.
You are immune to petrification.
You have a somewhat thin skeletal structure. (Dex +2, Stealth+)
You possess an exceptional clarity of mind.
You are weak. (Str -2)
Your spells are harder to cast, but more powerful.


   Skills:
 - Level 6.0 Fighting
 - Level 8.9 Axes
 - Level 1.0 Throwing
 - Level 4.0 Armour
 - Level 1.7 Dodging
 + Level 5.5 Shields


You had 8 spell levels left.
You didn't know any spells.
Your spell library was empty.

Inventory:

Hand Weapons
 m - a +2 hand axe of flaming
 Y - a +1 war axe (weapon)
Missiles
 p - 3 boomerangs (quivered)
Armour
 g - a +1 pair of boots (worn)
 h - a +0 kite shield (worn)
 l - a +1 chain mail of cold resistance (worn)
Jewellery
 f - an amulet of guardian spirit
Scrolls
 a - 2 scrolls of teleportation
 b - 2 scrolls of identify
Potions
 c - a potion of invisibility {unknown}
 d - a potion of might
 e - a potion of mutation
 j - a potion of haste
 n - a potion of heal wounds {unknown}
 o - 2 potions of curing
 q - a potion of lignification {unknown}

Dungeon Overview and Level Annotations

Branches:
Dungeon (7/15)             Temple (1/1) D:7

Altars:
Ashenzari
Cheibriados
Dithmenos
Elyvilon
Gozag
Hepliaklqana
Kikubaaqudgha
Makhleb
Okawaru
Qazlal
Ru
Sif Muna
Trog
Uskayaw
Vehumet
Wu Jian
Xom
Yredelemnul
Zin
The Shining One
Lugonu


Message History

The troll is lightly wounded.
The troll barely misses you. You block the troll's attack. x2
You closely miss the troll.
The troll is lightly wounded.
The troll bites you but does no damage. The troll claws you.
The troll claws you but does no damage. The troll bites you.
The troll claws you. The troll closely misses you.
You closely miss the troll. The troll bites you but does no damage.
You block the troll's attack. The troll claws you but does no damage.
You hit the troll but do no damage. The troll barely misses you.
The troll claws you but does no damage. The troll barely misses you.
You hit the troll but do no damage. You block the troll's attack.
The troll claws you but does no damage. The troll claws you.
You barely miss the troll. The troll bites you! The troll claws you.
The troll claws you but does no damage.
You closely miss the troll. The troll bites you but does no damage.
The troll claws you but does no damage. You block the troll's attack.
The troll bites you but does no damage. The troll claws you but does no damage.
You block the troll's attack.
You hit the troll but do no damage. The troll bites you but does no damage.
The troll claws you but does no damage. You block the troll's attack.
You completely miss the troll. The troll bites you! The troll claws you!
The troll barely misses you.
You slash the troll!
The troll is moderately wounded.
The troll closely misses you. The troll claws you but does no damage.
The troll claws you!
6795 ||| READING 3 scrolls of teleportation.
As you read the scroll of teleportation, it crumbles to dust.
You feel strangely unstable. The troll bites you.
You block the troll's attack. x2
You closely miss the troll.
The troll is lightly wounded.
The troll bites you.
You die...

..'......######..~~~~~~¤~..#
#..
..#......#...##..~....~.~..#
###
..#......#...##..~.~~.~.¤..#
..#......#...##.)~.~~)¤.~¤.#
..#......#T..'#.¤¤¤¤¤¤~.~..#
..#..........##..¤¤.....¤¤.#
..#########..##..~~¤¤~~~~¤.#
.. ..#..¤.........#
.#.@....¤¤.¤..#
##T########### ... ..#.. ...
... #### .... ....# ....#


You could see a troll.

Vanquished Creatures
  Grinder (D:6)
  Eustachio (D:4)
  Menkaure (D:6)
  An ice beast (D:7)
  2 black bears
  2 centaurs
  A phantom (D:6)
  A bullfrog (D:7)
  2 gnoll sergeants
  2 scorpions (D:5)
  2 hounds (D:5)
  A gnoll bouda (D:6)
  2 orc priests
  2 jellies
  3 iguanas
  Ijyb (D:5)
  Terence (D:3)
  Jessica (D:3)
  An orc wizard (D:6)
  12 gnolls
  12 adders
  2 shadow imps
  A white imp (D:6)
  2 worms
  2 dart slugs
  23 orcs
  9 ball pythons
  6 endoplasms
  4 giant cockroaches
  12 goblins
  14 hobgoblins
  7 jackals
  10 kobolds
  5 quokkas
  7 bats
  6 frilled lizards
  9 rats
171 creatures vanquished.

Notes
Turn   | Place    | Note
-------+----------+-------------------------------------------
     0 | D:1      | qw the Gargoyle Fighter began the quest for the Orb.
     0 | D:1      | Reached XP level 1. HP: 14/14 MP: 1/1
     0 | D:1      | 0 ||| qw: Version: 0.3-a-5-g6f28e65
     0 | D:1      | 0 ||| qw: Game counter: 521
     0 | D:1      | 0 ||| qw: Always use a shield: true
     0 | D:1      | 0 ||| qw: God list: Okawaru
     0 | D:1      | 0 ||| qw: Allow faded altars: false
     0 | D:1      | 0 ||| qw: Do Orc after D:15 true
     0 | D:1      | 0 ||| qw: Do second Lair branch before Depths: true
     0 | D:1      | 0 ||| qw: Lair rune preference: random
     0 | D:1      | 0 ||| qw: Plans: Normal, Zot:1-4, Slime:5, God:TSO, Crypt,
                  | Tomb, Abyss, Pan, Hells, Win
     0 | D:1      | 0 ||| PLANNING D:1-11
    95 | D:1      | Reached skill level 2 in Axes
   160 | D:1      | 160 ||| DROPPING +0 whip.
   174 | D:1      | Reached XP level 2. HP: 19/19 MP: 2/2
   409 | D:1      | 409 ||| Stepping ~*~*~tactically~*~*~ (hiding).
   623 | D:1      | Reached skill level 3 in Axes
   773 | D:1      | You fall into a shaft and drop 1 floor!
   781 | D:2      | Reached XP level 3. HP: 23/23 MP: 3/3
   790 | D:2      | 790 ||| Stepping ~*~*~tactically~*~*~ (stealth).
   791 | D:2      | 791 ||| Stepping ~*~*~tactically~*~*~ (hiding).
   888 | D:2      | 888 ||| UPGRADING to +0 pair of boots.
   893 | D:2      | 893 ||| UPGRADING to amulet of guardian spirit.
   898 | D:2      | 898 ||| READING 3 scrolls labelled QIPRITUINE.
   903 | D:2      | 903 ||| READING scroll labelled FOAHYA HOOLU.
   917 | D:2      | 917 ||| READING scroll labelled GALAXTICRO.
   918 | D:2      | 918 ||| READING scroll labelled UNKAWE MONOGED.
   950 | D:2      | 950 ||| FLEEEEING.
   951 | D:2      | 951 ||| STAIRDANCE
  1394 | D:2      | 1394 ||| STAIRDANCE
  1400 | D:1      | Reached XP level 4. HP: 25/28 MP: 4/4
  1443 | D:2      | 1443 ||| FLEEEEING.
  1444 | D:2      | 1444 ||| FLEEEEING.
  1450 | D:2      | 1450 ||| Stepping ~*~*~tactically~*~*~ (hiding).
  1451 | D:2      | 1451 ||| Stepping ~*~*~tactically~*~*~ (hiding).
  1452 | D:2      | 1452 ||| Stepping ~*~*~tactically~*~*~ (hiding).
  1484 | D:2      | 1484 ||| Stepping ~*~*~tactically~*~*~ (stealth).
  1485 | D:2      | 1485 ||| Stepping ~*~*~tactically~*~*~ (stealth).
  1487 | D:2      | 1487 ||| Stepping ~*~*~tactically~*~*~ (stealth).
  1513 | D:2      | Reached skill level 4 in Axes
  1573 | D:2      | 1573 ||| Stepping ~*~*~tactically~*~*~ (stealth).
  1578 | D:2      | 1578 ||| Stepping ~*~*~tactically~*~*~ (stealth).
  1579 | D:2      | 1579 ||| Stepping ~*~*~tactically~*~*~ (stealth).
  1590 | D:2      | 1590 ||| Stepping ~*~*~tactically~*~*~ (stealth).
  1774 | D:2      | 1774 ||| READING scroll labelled POUNKU AQ CIU.
  1775 | D:2      | 1775 ||| READING scroll labelled LESOAVUEMM.
  1801 | D:3      | 1801 ||| STAIRDANCE
  1810 | D:2      | Reached XP level 5. HP: 11/32 MP: 1/5
  1969 | D:3      | 1969 ||| DROPPING +0 mace.
  1974 | D:3      | Found a snail-covered altar of Cheibriados.
  2141 | D:3      | Noticed Jessica
  2143 | D:3      | Found a broken altar of Ashenzari.
  2147 | D:3      | Killed Jessica
  2148 | D:3      | Reached skill level 5 in Axes
  2245 | D:3      | Noticed Terence
  2253 | D:3      | Killed Terence
  2385 | D:3      | Found a shadowy altar of Dithmenos.
  2387 | D:3      | 2387 ||| UPGRADING to +1 chain mail of cold resistance.
  2412 | D:3      | 2412 ||| DROPPING +0 scale mail.
  2482 | D:3      | 2482 ||| Stepping ~*~*~tactically~*~*~ (stealth).
  2913 | D:3      | 2913 ||| READING scroll labelled IZYECA DUORPHEP.
  2914 | D:3      | 2914 ||| READING scroll labelled SUKICV EHULYEWK.
  2915 | D:3      | 2915 ||| DRINKING 2 sedimented purple potions.
  2915 | D:3      | Gained mutation: You have hidden genetic potential. [potion
                  | of mutation]
  2915 | D:3      | Gained mutation: Your spells are a little harder to cast,
                  | but a little more powerful. [potion of mutation]
  2915 | D:3      | Gained mutation: You are weak. (Str -2) [potion of
                  | mutation]
  2915 | D:3      | Gained mutation: Your spells are harder to cast, but more
                  | powerful. [potion of mutation]
  2948 | D:4      | 2948 ||| Stepping ~*~*~tactically~*~*~ (stealth).
  2951 | D:4      | 2951 ||| Stepping ~*~*~tactically~*~*~ (stealth).
  2980 | D:4      | Reached XP level 6. HP: 33/38 MP: 6/6
  3026 | D:4      | 3026 ||| Stepping ~*~*~tactically~*~*~ (stealth).
  3035 | D:4      | 3035 ||| Stepping ~*~*~tactically~*~*~ (hiding).
  3055 | D:4      | 3055 ||| Stepping ~*~*~tactically~*~*~ (stealth).
  3109 | D:4      | 3109 ||| Stepping ~*~*~tactically~*~*~ (stealth).
  3229 | D:4      | 3229 ||| Stepping ~*~*~tactically~*~*~ (stealth).
  3230 | D:4      | 3230 ||| Stepping ~*~*~tactically~*~*~ (stealth).
  3232 | D:4      | Found a shimmering altar of Xom.
  3232 | D:4      | Found a shimmering altar of Xom.
  3233 | D:4      | Found a shimmering altar of Xom.
  3234 | D:4      | Found a shimmering altar of Xom.
  3234 | D:4      | Found a shimmering altar of Xom.
  3236 | D:4      | 3236 ||| Stepping ~*~*~tactically~*~*~ (stealth).
  3360 | D:4      | 3360 ||| Stepping ~*~*~tactically~*~*~ (hiding).
  3484 | D:4      | Noticed Eustachio
  3518 | D:4      | Killed Eustachio
  3519 | D:4      | Reached skill level 6 in Axes
  3528 | D:4      | Gained mutation: You have a somewhat thin skeletal
                  | structure. (Dex +2, Stealth+) [hidden potential]
  3652 | D:4      | Noticed a black bear
  3665 | D:4      | Killed a black bear
  3666 | D:4      | Reached skill level 1 in Dodging
  3666 | D:4      | Reached XP level 7. HP: 39/43 MP: 5/7
  3734 | D:4      | Found a hazy altar of Hepliaklqana.
  3908 | D:4      | 3908 ||| READING 2 scrolls of identify.
  3908 | D:4      | 3908 ||| IDENTIFYING bubbling ruby potion
  3973 | D:4      | 3973 ||| DROPPING potion of berserk rage.
  4017 | D:5      | Entered Level 5 of the Dungeon
  4026 | D:5      | 4026 ||| Stepping ~*~*~tactically~*~*~ (stealth).
  4098 | D:5      | Gained mutation: You possess an exceptional clarity of
                  | mind. [hidden potential]
  4098 | D:5      | Lost mutation: You have hidden genetic potential. [hidden
                  | potential expressed]
  4234 | D:5      | Reached skill level 7 in Axes
  4344 | D:5      | Noticed Ijyb
  4374 | D:5      | HP: 11/44 [Ijyb/+0 club (4)]
  4375 | D:5      | 4375 ||| READING 5 scrolls of teleportation.
  4399 | D:5      | HP: 7/44 [centaur/arrow (7)]
  4400 | D:5      | 4400 ||| READING 4 scrolls of teleportation.
  4534 | D:5      | 4534 ||| Stepping ~*~*~tactically~*~*~ (stealth).
  4560 | D:5      | 4560 ||| Stepping ~*~*~tactically~*~*~ (hiding).
  4561 | D:5      | 4561 ||| Stepping ~*~*~tactically~*~*~ (hiding).
  4577 | D:5      | Reached XP level 8. HP: 15/49 MP: 2/8
  4716 | D:5      | Reached skill level 1 in Throwing
  4735 | D:5      | 4735 ||| Stepping ~*~*~tactically~*~*~ (stealth).
  4752 | D:5      | 4752 ||| Stepping ~*~*~tactically~*~*~ (hiding).
  4753 | D:5      | 4753 ||| Stepping ~*~*~tactically~*~*~ (hiding).
  4761 | D:5      | Killed Ijyb
  4778 | D:5      | 4778 ||| Stepping ~*~*~tactically~*~*~ (stealth).
  4868 | D:5      | Found a stormy altar of Qazlal.
  5099 | D:5      | 5099 ||| READING scroll labelled UQA HUEV BIONG.
  5100 | D:5      | 5100 ||| READING scroll labelled ANAIMEX UVVIA.
  5101 | D:5      | 5101 ||| DRINKING 2 purple potions.
  5102 | D:5      | 5102 ||| DRINKING 2 viscous golden potions.
  5103 | D:5      | 5103 ||| DROPPING potion of degeneration.
  5154 | D:6      | Noticed Grinder
  5159 | D:6      | Paralysed by Grinder for 5 turns
  5167 | D:6      | Paralysed by Grinder for 2 turns
  5181 | D:6      | Killed Grinder
  5182 | D:6      | Reached skill level 8 in Axes
  5284 | D:6      | Noticed Menkaure
  5285 | D:6      | 5285 ||| Stepping ~*~*~tactically~*~*~ (hiding).
  5295 | D:6      | Killed Menkaure
  5298 | D:6      | Reached skill level 6 in Fighting
  5371 | D:6      | 5371 ||| Stepping ~*~*~tactically~*~*~ (hiding).
  5410 | D:6      | 5410 ||| Stepping ~*~*~tactically~*~*~ (stealth).
  5642 | D:6      | 5642 ||| Stepping ~*~*~tactically~*~*~ (stealth).
  5652 | D:6      | 5652 ||| Stepping ~*~*~tactically~*~*~ (hiding).
  5675 | D:6      | 5675 ||| DROPPING +4 demon whip of venom.
  5676 | D:6      | 5676 ||| DROPPING +0 flail.
  5757 | D:6      | Found a glowing golden altar of the Shining One.
  5758 | D:6      | Found an opulent altar of Gozag.
  5758 | D:6      | Found an ornate altar of the Wu Jian Council.
  5870 | D:6      | Found an ancient bone altar of Kikubaaqudgha.
  5968 | D:6      | 5968 ||| Stepping ~*~*~tactically~*~*~ (hiding).
  5969 | D:6      | 5969 ||| Stepping ~*~*~tactically~*~*~ (hiding).
  5971 | D:6      | 5971 ||| Stepping ~*~*~tactically~*~*~ (hiding).
  6058 | D:6      | Reached XP level 9. HP: 34/55 MP: 5/9
  6157 | D:6      | 6157 ||| UPGRADING to +0 kite shield.
  6167 | D:6      | 6167 ||| DROPPING +0 buckler.
  6168 | D:6      | 6168 ||| DROPPING amulet of magic regeneration.
  6169 | D:6      | 6169 ||| DRINKING 3 fuming pink potions.
  6237 | D:7      | Noticed a troll
  6250 | D:7      | HP: 13/55 [troll (4)]
  6251 | D:7      | 6251 ||| READING 4 scrolls of teleportation.
  6252 | D:7      | HP: 4/55 [troll (3)]
  6431 | D:7      | Found a shimmering blue altar of Sif Muna.
  6448 | D:7      | 6448 ||| Stepping ~*~*~tactically~*~*~ (hiding).
  6450 | D:7      | 6450 ||| Stepping ~*~*~tactically~*~*~ (hiding).
  6451 | D:7      | 6451 ||| Stepping ~*~*~tactically~*~*~ (hiding).
  6494 | D:7      | 6494 ||| Stepping ~*~*~tactically~*~*~ (hiding).
  6629 | D:7      | Found a staircase to the Ecumenical Temple.
  6630 | D:7      | 6630 ||| PLANNING TEMPLE
  6659 | Temple   | Entered the Ecumenical Temple
  6669 | Temple   | 6669 ||| PLANNING OKAWARU WORSHIP
  6701 | Temple   | Became a worshipper of Warmaster Okawaru
  6702 | Temple   | 6702 ||| PLANNING D:1-11
  6702 | Temple   | 6702 ||| REMOVING amulet of guardian spirit.
  6739 | D:7      | 6739 ||| READING scroll of enchant armour.
  6739 | D:7      | 6739 ||| ENCHANTING +0 pair of boots.
  6777 | D:7      | 6777 ||| Stepping ~*~*~tactically~*~*~ (stealth).
  6781 | D:7      | 6781 ||| Stepping ~*~*~tactically~*~*~ (stealth).
  6794 | D:7      | HP: 7/55 [troll (10)]
  6795 | D:7      | 6795 ||| READING 3 scrolls of teleportation.
  6795 | D:7      | HP: 1/55 [troll (6)]
  6796 | D:7      | Slain by a troll

Levels and vault maps discovered:
D:1:      lemuel_arrival_muddy, layout_basic
D:2:      layout_rooms, minmay_close_crescents
D:3:      layout_loops_ring, nicolae_ashenzari_panopticon, cheibriados_altar_1,
          nicolae_dithmenos_through_a_glass_darkly, kennysheep_minor_cross,
          hangedman_decor_points, dreamdust_mushroom_princess, uniq_terence,
          uniq_jessica
D:4:      layout_loops_ring, xom_redecorated, nicolae_hepliaklqana_hazy_memory,
          minmay_misc_feat_diagonals, nicolae_the_louvre, uniq_eustachio
D:5:      layout_loops_ring, marbit_many_paths, minmay_misc_feat_cross,
          glass_columns_c, uniq_ijyb
D:6:      nicolae_cairo_tiling, layout_basic,
          gammafunk_temple_overflow_forgotten, kennysheep_mini_moat,
          minmay_misc_feat_tiny, nrook_uturn, uniq_menkaure, uniq_grinder
D:7:      layout_gridville, nicolae_sif_muna_little_library,
          minmay_temple_entry_glass, kennysheep_small_spiral
Temple:   corrupted_temple

Skill      XL: |  1  2  3  4  5  6  7  8  9 |
---------------+----------------------------+-----
Axes           | 2 3 4 5 6 7 8 |  8.9
Fighting       | 4 5 6 |  6.0
Dodging        | 1 |  1.7
Throwing       | 1 |  1.0
Armour         | 4 |  4.0
Shields        | 5 |  5.5

Action                     |  1- 3 |  4- 6 |  7- 9 || total
---------------------------+-------+-------+-------++-------
  Melee: War axe           |   120 |   233 |   265 ||   618
  Throw: Boomerang         |       |     4 |    67 ||    71
    Use: Scroll            |     4 |     4 |     8 ||    16
         Potion            |       |     1 |     3 ||     4
 Armour: Scale mail        |    56 |    49 |       ||   105
         Chain mail        |       |   126 |   189 ||   315
  Dodge: Dodged            |    54 |   102 |    94 ||   250
  Block: Buckler           |    17 |    45 |    37 ||    99
         Kite shield       |       |       |    42 ||    42

Table legend:
 A = Non-vault XP
 B = Vault XP
 C = Vault XP percentage of total XP
 D = Non-vault monster count
 E = Vault monster count
 F = Vault count percentage of total count
                 A         B        C        D         E       F
            +---------+---------+-------+---------+---------+-------
      Total |    2121 |     810 |  27.6 |     160 |      11 |   6.4
            +---------+---------+-------+---------+---------+-------
        D:1 |      54 |       0 |   0.0 |      26 |       0 |   0.0
        D:2 |     116 |       6 |   4.9 |      28 |       4 |  12.5
        D:3 |      52 |      75 |  59.1 |      21 |       2 |   8.7
        D:4 |     213 |     196 |  47.9 |      30 |       1 |   3.2
        D:5 |     654 |      80 |  10.9 |      23 |       2 |   8.0
        D:6 |     511 |     453 |  47.0 |      22 |       2 |   8.3
        D:7 |     521 |       0 |   0.0 |      10 |       0 |   0.0
            +---------+---------+-------+---------+---------+-------
